AoeStats
← Rafaelbdoo

African Clearing

505801486Analyzed
2v2 RM · 23d ago on Sep 11, 2026· 43m 1s· 4 players
Game mode
Random Map
Map size
Medium (4 player)
Population
200
Speed
Normal
Resources
Standard
Victory
Conquest
Starting age
Dark Age
Ending age
Imperial Age
RankedLock teamsTeams togetherTeam positionsShared explorationLock speedFull tech treeHidden civsTurbo modeCheats
Victory
Defeat
🇨🇴 Vietnamese · Colombia
1041
+14
🇨🇴 Koreans · Colombia
1027
+15
🇨🇦 Armenians · Canada
1010
-15
🇧🇷 Byzantines · Brazil
1000
-42
mikrethor
4:47 Loom
18:00 Feudal Age
21:31 Double-Bit Axe
22:46 Wheelbarrow
23:53 Horse Collar
24:45 Gold Mining
25:49 Pikeman
31:43 Castle Age
29:49 Fletching
30:36 Forging
30:26 Scale Mail Armor
34:31 Castle Age
35:35 Hand Cart
44:19 Imperial Age
Rafaelbdoo
18:44 Feudal Age
19:14 Double-Bit Axe
19:12 Horse Collar
25:55 Castle Age
24:13 Forging
24:10 Scale Barding Armor
24:17 Stone Mining
25:35 Gold Mining
27:56 Husbandry
28:45 Bow Saw
29:20 Stone Shaft Mining
29:29 Gold Shaft Mining
30:08 Pikeman
31:02 Heavy Plow
33:05 Wheelbarrow
32:17 Loom
33:21 Squires
33:39 Light Cavalry
34:22 Scale Mail Armor
Slayer
8:29 Loom
14:04 Feudal Age
20:09 Castle Age
19:16 Gold Mining
19:18 Stone Mining
19:10 Horse Collar
19:51 Double-Bit Axe
21:47 Bloodlines
21:41 Husbandry
24:11 Wheelbarrow
28:49 Chatras
29:23 Forging
29:20 Scale Barding Armor
29:10 Town Watch
29:32 Fletching
30:23 Heavy Plow
31:55 Bodkin Arrow
32:36 Iron Casting
33:27 Chain Barding Armor
33:59 Ballistics
34:31 Padded Archer Armor
37:50 Imperial Age
35:51 Leather Archer Armor
36:09 Hand Cart
40:19 Chemistry
39:21 Bracer
39:52 Ring Archer Armor
41:24 Plate Barding Armor
41:58 Paper Money
41:55 Siege Engineers
RTMatutino
4:35 Loom
15:33 Feudal Age
17:18 Forging
17:00 Fletching
26:01 Castle Age
25:12 Forging
27:29 Iron Casting
27:35 Husbandry
30:34 Scale Mail Armor
32:49 Double-Bit Axe
34:37 Squires
34:29 Gambesons
34:45 Gold Mining
36:35 Arson
36:54 Crossbowman
42:21 Bodkin Arrow
43:39 Bow Saw
Connection lost

Rejoining the realm…

Still unreachable

The connection could not be restored.

Session expired

The server has moved on; the page needs a fresh start.